 Dungeon Crawl Stone Soup version 0.31-a0-1005-gfbdfbacc72 (webtiles) character file.

Game seed: 17528467805947004290

69294 Monkfish the Imperceptible (level 15, 0/90 HPs)
             Began as a Kobold Monk on Nov 11, 2023.
             Was the Champion of Dithmenos.
             Slain by a two-headed ogre
             ... wielding a +0 giant club
              (8 damage)
             ... on level 15 of the Dungeon.
             The game lasted 01:00:13 (24251 turns).

Monkfish the Imperceptible (Kobold Monk)           Turns: 24251, Time: 01:00:14

Health: 0/90       AC: 15    Str: 21    XL:     15   Next: 73%
Magic:  0/16       EV: 23    Int: 12    God:    Dithmenos [******]
Gold:   464        SH:  8    Dex: 28    Spells: 14/14 levels left

rFire   . . .        T - +11 dagger of Udiju {flame, rElec rPois Will+ rCorr}
rCold   . . .        C - +0 buckler
rNeg    . . .        R - +0 scale mail of Untruth {Regen+ Str+4}
rPois   +            S - +2 hat
rElec   +            A - +1 cloak
rCorr   +            l - +0 pair of gloves
SInv    .            h - +2 pair of boots
Will    ++...        t - amulet of guardian spirit Stlth *******+++
                     r - +6 ring of dexterity
HPRegen 1.15/turn    P - +6 ring of strength
MPRegen 0.15/turn

%: guardian spirit
@: hasted, wreathed by umbra, very quick
A: small, no large weapons, nightstalker 3
a: Renounce Religion, Shadow Step, Shadow Form


You were on level 15 of the Dungeon.
You worshipped Dithmenos.
Dithmenos was exalted by your worship.
You visited 4 branches of the dungeon, and saw 23 of its levels.

You collected 2223 gold pieces.
You spent 1759 gold pieces at shops.

Inventory:

Hand Weapons
 g - the +5 short sword "Ygyigots" {freeze, *Rage Will+++ MP+9 Dex+7}
   (You found it on level 2 of the Dungeon)

   Dex+7:     It affects your dexterity (+7).
   Will+++:   It greatly increases your willpower.
   MP+9:      It affects your magic capacity (+9).
   *Rage:     It berserks you when you make melee attacks (+20% chance).
 T - the +11 dagger of Udiju (weapon) {flame, rElec rPois Will+ rCorr}
   (You took it off a hell knight on level 12 of the Dungeon)

   rElec:     It insulates you from electricity.
   rPois:     It protects you from poison Will+: It increases your willpower.
   rCorr:     It protects you from acid and corrosion.
Missiles
 n - a throwing net
Armour
 d - an orb of light
 h - a +2 pair of boots (worn)
 l - a +0 pair of gloves (worn)
 w - +0 acid dragon scales
 A - a +1 cloak (worn)
 C - a +0 buckler (worn)
 E - +0 steam dragon scales
 R - the +0 scale mail of Untruth (worn) {Regen+ Str+4}
   (You found it on level 14 of the Dungeon)

   Str+4:     It affects your strength (+4).
   Regen+:    It increases your rate of health regeneration.
 S - a +2 hat (worn)
Jewellery
 e - a ring of ice
 r - a +6 ring of dexterity (left hand)
 s - a ring of magical power
 t - an amulet of guardian spirit (around neck)
 v - an amulet of magic regeneration
 F - a +4 ring of protection
 P - a +6 ring of strength (right hand)
Wands
 a - a wand of iceblast (6)
 b - a wand of flame (15)
 G - a wand of mindburst (4)
 K - a wand of paralysis (6)
Scrolls
 f - 7 scrolls of teleportation
 p - a scroll of fear
 y - 3 scrolls of amnesia
 z - a scroll of butterflies
 D - 4 scrolls of enchant weapon
 H - a scroll of vulnerability
 I - a scroll of silence
 L - 2 scrolls of poison
 M - a scroll of immolation
 O - 3 scrolls of revelation
 Q - a scroll of torment
Potions
 c - 2 potions of ambrosia
 i - a potion of enlightenment
 j - 3 potions of attraction
 k - 5 potions of curing
 m - 3 potions of mutation
 q - a potion of haste
 u - 2 potions of brilliance
 x - 3 potions of cancellation
 B - 4 potions of lignification
 J - 2 potions of resistance
 N - 3 potions of might


   Skills:
 + Level 9.1 Fighting
 - Level 11.1 Short Blades
 + Level 4.0 Armour
 + Level 11.5 Dodging
 * Level 23.7 Stealth
 * Level 9.0 Shields
 + Level 1.7 Invocations
 * Level 10.4 Evocations


You had 14 spell levels left.
You didn't know any spells.
Your spell library contained the following spells:

 Spells                   Type           Power      Damage    Failure   Level
 Freeze                   Ice            0%         1d3       71%         1
 Magic Dart               Conj           0%         1d3       71%         1
 Call Imp                 Summ           0%         N/A       83%         2
 Cigotuvi's Dreadful Rot  Necr/Pois/Air  0%         N/A       83%         2
 Ensorcelled Hibernation  Hex/Ice        0%         N/A       83%         2
 Jinxbite                 Hex            0%         N/A       83%         2
 Lesser Beckoning         Tloc           0%         N/A       83%         2
 Searing Ray              Conj           0%         2d4       83%         2
 Call Canine Familiar     Summ           0%         N/A       97%         3
 Frozen Ramparts          Ice            0%         1d1       97%         3
 Gell's Gravitas          Tloc           0%         N/A       97%         3
 Hailstorm                Conj/Ice       0%         3d3       97%         3
 Mephitic Cloud           Conj/Pois/Air  0%         N/A       97%         3
 Sigil of Binding         Hex            0%         N/A       97%         3
 Teleport Other           Tloc           0%         N/A       97%         3
 Anguish                  Hex/Necr       0%         N/A       100%        4
 Dimensional Bullseye     Hex/Tloc       0%         N/A       100%        4
 Dispel Undead            Necr           0%         3d6       100%        4
 Fulminant Prism          Conj/Hex       0%         3d5       100%        4
 Leda's Liquefaction      Hex/Erth       0%         N/A       100%        4
 Passage of Golubria      Tloc           0%         N/A       100%        4
 Alistair's Intoxication  Tmut/Pois      0%         N/A       100%        5
 Borgnjor's Vile Clutch   Necr/Erth      0%         N/A       100%        5
 Silence                  Hex/Air        0%         N/A       100%        5
 Death Channel            Necr           0%         N/A       100%        6
 Eringya's Noxious Bog    Tmut/Pois      0%         4d6       100%        6
 Lehudib's Crystal Spear  Conj/Erth      0%         10d2      100%        8


Dungeon Overview and Level Annotations

Branches:
Dungeon (15/15)            Temple (1/1) D:4            Lair (5/5) D:9
  Swamp (0/4) Lair:2       Spider (0/4) Lair:3        Slime (0/5) Lair:4
    Orc (2/2) D:9             Elf (0/3) Orc:2
 Vaults: D:13-14     Depths: D:15

Altars:
Ashenzari
Cheibriados
Dithmenos
Elyvilon
Fedhas
Gozag
Hepliaklqana
Kikubaaqudgha
Makhleb
Nemelex Xobeh
Okawaru
Qazlal
Ru
Sif Muna
Trog
Uskayaw
Vehumet
Wu Jian
Xom
Yredelemnul
Zin
The Shining One
Jiyva

Shops:
D:2 *   D:3 ?   D:6 (   D:8 *   Orc:1 *   Orc:2 *![!!*:!*

Portals:
Trove: D:14 (give +4 demon trident)

Annotations:
D:14 exclusion: 4 doors
Lair:2 exclusion: oklob plant


Innate Abilities, Weirdness & Mutations

You are small and have problems with some larger weapons.
You are completely attuned to the shadows.


Message History

The two-headed ogre is lightly wounded.
Your shadow completely misses the two-headed ogre.
The two-headed ogre hits you but does no damage.
The two-headed ogre closely misses you. You block the two-headed ogre's attack.
The two-headed ogre hits you with a +0 giant club!!
You hit the two-headed ogre. You burn the two-headed ogre.
The two-headed ogre is moderately wounded.
You hit the two-headed ogre. You burn the two-headed ogre.
The two-headed ogre is moderately wounded.
Something closely misses you.
You puncture the two-headed ogre! You burn the two-headed ogre.
The two-headed ogre is severely wounded.
The two-headed ogre completely misses you.
The two-headed ogre misses you. The two-headed ogre barely misses you.
The two-headed ogre hits you with a +0 giant club!
You hit the two-headed ogre. You burn the two-headed ogre.
The two-headed ogre is severely wounded.
Your shadow barely misses the two-headed ogre.
You hit the two-headed ogre but do no damage.
The two-headed ogre is severely wounded.
Something hits you.
The two-headed ogre closely misses you. x2
You puncture the two-headed ogre! You burn the two-headed ogre.
The two-headed ogre is almost dead.
The two-headed ogre closely misses you. You block the two-headed ogre's attack.
The two-headed ogre hits you with a +0 giant club!
The two-headed ogre hits you with a +0 giant club!!
You emit a cloud of dark smoke.
You feel yourself speed up. Something hits you.
The two-headed ogre completely misses you.
The two-headed ogre hits you with a +0 giant club!!
* * * LOW HITPOINT WARNING * * *
You emit a cloud of dark smoke.
You hit the two-headed ogre. You burn the two-headed ogre.
The two-headed ogre is almost dead.
You block the two-headed ogre's attack.
The two-headed ogre hits you with a +0 giant club!
* * * LOW HITPOINT WARNING * * *
The two-headed ogre barely misses you.
The two-headed ogre hits you with a +0 giant club!
You die...

..#.....#..###
..#...<.'.....(....#
..##'####......O...#
..............
O...##
.........#####
#..... .........#
#§.... .........#
#{O§.. .........#
#OO§.. .....# #@OO..
.....# #§§... .....#
#.....
##...#######.....
#...............
#...............
#.......########
#.......# #.......#


You could see 4 two-headed ogres and an ogre.

Vanquished Creatures
  Jorgrun (D:12)
  A tengu reaver (D:12)
  An ettin (Orc:1)
  Fannar (D:12)
  Harold (D:9)
  5 hydras
  A catoblepas (Lair:5)
  Erica (Orc:1)
  5 boulder beetles
  3 two-headed ogres
  3 centaur warriors
  A hell knight (D:12)
  Nergalle (Orc:1)
  2 skysharks (Lair:4)
  3 orc knights
  Pikel (D:9)
  2 deep elf pyromancers
  An orc sorcerer (Orc:2)
  2 cyclopes
  A harpy (shapeshifter) (D:14)
  2 manticores (D:12)
  A will-o-the-wisp (Lair:2)
  7 black mambas
  Maurice (Orc:1)
  5 elephants (Lair:5)
  2 torpor snails
  6 cane toads
  2 gargoyles
  2 rime drakes
  An unseen horror (D:13)
  Psyche (D:9)
  A rime drake (shapeshifter) (D:13)
  6 komodo dragons
  Jeremiah (Lair:1)
  A wind drake (shapeshifter) (D:12)
  Prince Ribbit (D:8)
  6 trolls
  A hornet (D:9)
  10 polar bears (Lair:5)
  6 raiju (Lair:5)
  28 blink frogs
  A raiju (shapeshifter) (D:14)
  A jumping spider (shapeshifter) (D:13)
  2 dream sheep (Lair:4)
  8 slime creatures
  A jumping spider (Lair:3)
  2 culicivoras (Lair:3)
  3 vampires
  4 wyverns
  37 yaks
  8 basilisks
  4 wraiths
  2 steam dragons
  3 redbacks (Lair:3)
  2 vampire mosquitoes (D:14)
  9 wargs
  An acid dragon (D:13)
  9 water moccasins
  11 hell hounds (Lair:5)
  2 ice beasts
  28 orc warriors
  12 black bears
  19 centaurs
  3 ogres
  23 wolves
  A lemure (D:9)
  2 phantoms (D:5)
  4 kobold brigands
  13 bullfrogs
  A gnoll sergeant (D:8)
  9 wights (D:9)
  7 killer bees
  An electric eel (D:13)
  11 howler monkeys
  A jelly (D:5)
  Crazy Yiuf (D:2)
  3 hounds
  2 gnoll boudas
  9 orc priests
  An iron imp (D:6)
  A sleepcap (D:5)
  3 iguanas
  Natasha (twice) (D:2)
  19 orc wizards
  4 hell rats (Lair:2)
  16 gnolls
  8 adders
  4 ufetubi (D:6)
  6 worms
  4 dart slugs
  51 orcs
  4 endoplasms
  4 giant cockroaches
  7 hobgoblins
  3 jackals (D:3)
  A quokka (D:2)
  10 ball pythons
  2 bats
  7 frilled lizards
  4 goblins
  A goblin skeleton (D:6)
  A goblin zombie (D:6)
  2 hobgoblin zombies (D:6)
  28 kobolds
  A kobold zombie (D:6)
  An orc skeleton (D:6)
  2 orc zombies (D:6)
  8 rats
  A spectral orc (D:8)
594 creatures vanquished.

Vanquished Creatures (others)
  2 orcs (Orc:1)
2 creatures vanquished.

Grand Total: 596 creatures vanquished

Notes
Turn   | Place    | Note
-------+----------+-------------------------------------------
     0 | D:1      | Monkfish the Kobold Monk began the quest for the Orb.
     0 | D:1      | Reached XP level 1. HP: 14/14 MP: 1/1
   205 | D:1      | Reached XP level 2. HP: 8/19 MP: 2/2
   509 | D:1      | Reached skill level 1 in Stealth
   528 | D:1      | Reached XP level 3. HP: 23/23 MP: 3/3
  1017 | D:2      | Reached skill level 5 in Short Blades
  1017 | D:2      | Reached skill level 2 in Stealth
  1141 | D:2      | Reached XP level 4. HP: 29/29 MP: 4/4
  1247 | D:2      | Identified the +5 short sword "Ygyigots" {freeze, *Rage
                  | Will+++ MP+9 Dex+7}
  1250 | D:2      | Found Fuiminn's Assorted Antiques.
  1255 | D:2      | Bought a scroll labelled VIOPHE MOWUJUA for 28 gold pieces
  1256 | D:2      | Bought a scroll labelled YCEZAI TUIRGH for 28 gold pieces
  1467 | D:2      | Noticed Natasha
  1473 | D:2      | Killed Natasha
  1685 | D:2      | Noticed Natasha
  1689 | D:2      | Killed Natasha
  1690 | D:2      | Reached skill level 3 in Stealth
  1690 | D:2      | Reached XP level 5. HP: 33/33 MP: 5/5
  1695 | D:2      | Found a faded altar of an unknown god.
  1718 | D:2      | Found a runed translucent door.
  1721 | D:2      | Noticed Crazy Yiuf
  1726 | D:2      | Killed Crazy Yiuf
  1964 | D:3      | Reached skill level 4 in Stealth
  2159 | D:3      | Found a radiant altar of Vehumet.
  2416 | D:3      | Found Vyel's Magic Scroll Shoppe.
  2427 | D:3      | Bought a scroll of identify for 22 gold pieces
  2807 | D:4      | Found a staircase to the Ecumenical Temple.
  2841 | Temple   | Entered the Ecumenical Temple
  3119 | D:4      | Reached XP level 6. HP: 38/38 MP: 6/6
  3285 | D:4      | Reached skill level 5 in Stealth
  3556 | D:4      | Found a shadowy altar of Dithmenos.
  3563 | D:4      | Became a worshipper of Dithmenos the Shadowed
  3563 | D:4      | Reached * piety under Dithmenos
  3563 | D:4      | Reached ** piety under Dithmenos
  4069 | D:5      | Entered Level 5 of the Dungeon
  4073 | D:5      | Reached skill level 6 in Stealth
  4073 | D:5      | Reached XP level 7. HP: 42/42 MP: 7/7
  4307 | D:5      | Reached skill level 7 in Stealth
  4465 | D:5      | Found an iron altar of Okawaru.
  4492 | D:5      | Reached skill level 8 in Stealth
  4543 | D:5      | Reached XP level 8. HP: 48/48 MP: 8/8
  5016 | D:6      | Found an ancient bone altar of Kikubaaqudgha.
  5054 | D:6      | Reached skill level 9 in Stealth
  5241 | D:6      | Found a glowing golden altar of the Shining One.
  5266 | D:6      | Reached skill level 10 in Stealth
  5453 | D:6      | Reached *** piety under Dithmenos
  5457 | D:6      | Found Waumeph's Antique Weapon Shop.
  5558 | D:6      | Bought a translucent short sword for 216 gold pieces
  5558 | D:6      | Identified the +1 short sword "Rurel" {freeze, Str+4} (You
                  | bought it in a shop on level 6 of the Dungeon)
  5925 | D:7      | Identified the "Perie"
  6262 | D:7      | Reached skill level 11 in Stealth
  6271 | D:7      | Found a sparkling altar of Nemelex Xobeh.
  6307 | D:7      | Noticed a wyvern
  6311 | D:7      | Killed a wyvern
  6312 | D:7      | Reached XP level 9. HP: 52/52 MP: 9/9
  6447 | D:7      | Reached skill level 12 in Stealth
  6464 | D:7      | Found a burning altar of Makhleb.
  7044 | D:8      | Found a basalt altar of Yredelemnul.
  7201 | D:8      | Reached skill level 13 in Stealth
  7231 | D:8      | Reached skill level 5 in Dodging
  7297 | D:8      | Reached skill level 10 in Short Blades
  7297 | D:8      | Reached XP level 10. HP: 44/58 MP: 10/10
  7299 | D:8      | Reached skill level 5 in Fighting
  7381 | D:8      | Reached **** piety under Dithmenos
  7449 | D:8      | Found a snail-covered altar of Cheibriados.
  7470 | D:8      | Noticed Prince Ribbit
  7686 | D:8      | Killed Prince Ribbit
  7727 | D:8      | Reached skill level 14 in Stealth
  7779 | D:8      | Found a hazy altar of Hepliaklqana.
  7799 | D:8      | Found an opulent altar of Gozag.
  8017 | D:8      | Found Ucluluin's Neck Hole.
  8339 | D:8      | Reached skill level 1 in Shields
  8454 | D:9      | Noticed Pikel
  8459 | D:9      | Killed Pikel
  8553 | D:9      | Reached skill level 1 in Evocations
  8658 | D:9      | Found a staircase to the Orcish Mines.
  8737 | D:9      | Reached XP level 11. HP: 64/64 MP: 11/11
  8946 | D:9      | Reached skill level 15 in Stealth
  9092 | D:9      | Noticed Harold
  9108 | D:9      | Killed Harold
  9351 | D:9      | Found a staircase to the Lair.
  9452 | D:9      | Noticed Psyche
  9456 | D:9      | Killed Psyche
  9739 | D:10     | Entered Level 10 of the Dungeon
 10431 | D:10     | Identified the +4 quarterstaff "Dayfreuph" {venom, rPois
                  | rCorr Int-3}
 10662 | D:10     | Noticed a two-headed ogre
 10667 | D:10     | Killed a two-headed ogre
 10668 | D:10     | Reached skill level 16 in Stealth
 10707 | D:10     | Found a glowing silver altar of Zin.
 10711 | D:10     | Found an ornate altar of the Wu Jian Council.
 10713 | D:10     | Found a faded altar of an unknown god.
 10714 | D:10     | Found a sacrificial altar of Ru.
 10723 | D:10     | Found a faded altar of an unknown god.
 10822 | D:11     | Noticed a deep elf pyromancer
 10826 | D:11     | Killed a deep elf pyromancer
 10827 | D:11     | Reached skill level 1 in Armour
 10995 | D:11     | Noticed a cyclops
 11004 | D:11     | Killed a cyclops
 11038 | D:11     | Noticed a two-headed ogre
 11042 | D:11     | Killed a two-headed ogre
 11043 | D:11     | Reached skill level 17 in Stealth
 11043 | D:11     | Reached skill level 5 in Evocations
 11070 | D:11     | Reached XP level 12. HP: 71/71 MP: 12/12
 11511 | D:11     | Noticed a two-headed ogre
 11515 | D:11     | Killed a two-headed ogre
 11735 | IceCv    | Identified the "Cafioqu"
 11735 | Lair:1   | Entered Level 1 of the Lair of Beasts
 11803 | Lair:1   | Noticed an eight-headed hydra
 12213 | Lair:1   | Reached ***** piety under Dithmenos
 12329 | Lair:1   | Reached skill level 18 in Stealth
 12429 | Lair:1   | Noticed Jeremiah
 12447 | Lair:1   | Killed Jeremiah
 13164 | Lair:2   | Noticed a five-headed hydra
 13168 | Lair:2   | Killed a five-headed hydra
 13176 | Lair:2   | Reached skill level 5 in Shields
 13327 | Lair:2   | Reached skill level 19 in Stealth
 13621 | Lair:2   | Found a staircase to the Swamp.
 14183 | Lair:3   | Found a hole to the Spider Nest.
 14637 | Lair:3   | Reached XP level 13. HP: 76/76 MP: 13/13
 14841 | Lair:3   | Reached skill level 20 in Stealth
 15655 | Lair:4   | Found a viscous altar of Jiyva.
 15655 | Lair:4   | Found a staircase to the Slime Pits.
 15690 | Lair:4   | Identified a scroll of acquirement
 15749 | Lair:4   | Noticed a six-headed hydra
 15753 | Lair:4   | Killed a six-headed hydra
 15776 | Lair:4   | Reached skill level 21 in Stealth
 16009 | Gauntlet | Identified the "Isyol"
 16009 | Lair:5   | Entered Level 5 of the Lair of Beasts
 16050 | Lair:5   | Acquired the +8 pair of quick blades "Gyre" and "Gimble"
                  | {protect}
 16050 | Lair:5   | Found the +8 pair of quick blades "Gyre" and "Gimble"
                  | {protect}
 16063 | Lair:5   | Noticed a four-headed hydra
 16067 | Lair:5   | Killed a four-headed hydra
 16086 | Lair:5   | Reached XP level 14. HP: 83/83 MP: 14/14
 16109 | Lair:5   | Found a gate leading to a gauntlet.
 16201 | Lair:5   | Found a bloodstained altar of Trog.
 16369 | Lair:5   | Reached skill level 22 in Stealth
 16412 | Lair:5   | Reached ****** piety under Dithmenos
 16839 | Lair:5   | Reached skill level 10 in Dodging
 18515 | D:12     | Noticed Fannar
 18911 | D:12     | Killed Fannar
 18949 | D:12     | Found a runed translucent door.
 18949 | D:12     | Identified the +11 dagger of Udiju {flame, rElec rPois
                  | Will+ rCorr}
 18950 | D:12     | Noticed a tengu reaver
 19209 | D:12     | Reached skill level 1 in Invocations
 19441 | D:12     | Noticed a broodmother
 19520 | D:12     | Noticed Jorgrun
 19522 | D:12     | Killed Jorgrun
 19523 | D:12     | Reached XP level 15. HP: 89/89 MP: 16/16
 19608 | D:12     | Killed a tengu reaver
 20862 | Orc:1    | Entered Level 1 of the Orcish Mines
 20870 | Orc:1    | Noticed Nergalle
 20874 | Orc:1    | Killed Nergalle
 20893 | Orc:1    | Reached skill level 23 in Stealth
 20893 | Orc:1    | Found Tyshranaav's Assorted Antiques.
 20904 | Orc:1    | Bought a wand of flame (15) for 241 gold pieces
 20904 | Orc:1    | Bought a potion of might for 92 gold pieces
 21090 | Orc:1    | Noticed Erica
 21120 | Orc:1    | Reached skill level 10 in Evocations
 21133 | Orc:1    | Noticed Maurice
 21150 | Orc:1    | Killed Maurice
 21158 | Orc:1    | Killed Erica
 21333 | Orc:2    | Entered Level 2 of the Orcish Mines
 21924 | Orc:2    | Found Dinemibb's Distillery.
 21961 | Orc:2    | Found Mozi's General Store.
 21977 | Orc:2    | Bought a scroll of acquirement for 624 gold pieces
 21977 | Orc:2    | Acquired a +6 ring of strength
 22067 | Orc:2    | Found Yfeapur's Antique Armour Shop.
 22072 | Orc:2    | Bought a glowing hat for 119 gold pieces
 22072 | Orc:2    | Bought a runed hat for 119 gold pieces
 22134 | Orc:2    | Bought a masterwork scale mail for 153 gold pieces
 22134 | Orc:2    | Identified the +5 scale mail of Qamenadd {Int+6 Dex-3} (You
                  | bought it in a shop on level 2 of the Orcish Mines)
 22296 | Orc:2    | Found Qabuk Amoa's Distillery.
 22299 | Orc:2    | Bought a potion of curing for 39 gold pieces
 22299 | Orc:2    | Bought a potion of curing for 39 gold pieces
 22299 | Orc:2    | Bought a potion of curing for 39 gold pieces
 22322 | Orc:2    | Found Taf Bum's CLEARANCE SALE!.
 22668 | Orc:2    | Found Yceaske's Assorted Antiques.
 22668 | Orc:2    | Found Duat's Distillery.
 22668 | Orc:2    | Found Owopsuz's Distillery.
 22669 | Orc:2    | Found Ozaolah's Book Shop.
 22709 | Orc:2    | Found a staircase to the Elven Halls.
 23218 | D:14     | Found a portal to a secret trove of treasure.
 23536 | D:14     | Identified the +0 pair of boots of Tukhloink {Regen+ Int+4}
 23951 | D:14     | Identified the +0 scale mail of Untruth {Regen+ Str+4}
 24165 | D:15     | Entered Level 15 of the Dungeon
 24251 | D:15     | Slain by a two-headed ogre

Illustrated notes

Levels and vault maps discovered:
D:1:      matt_arrival_grand_opening, layout_basic
D:2:      layout_basic, serial_shops, nicolae_shop_overgrown_old_shop,
          shapermc_ecumenical_altar_acropolis, nicolae_wormholes,
          uniq_crazy_yiuf_cottage, uniq_natasha
D:3:      layout_loops_ring, nicolae_vehumet_radiance, serial_shops, shop
D:4:      layout_loops_ring, mainiacjoe_overflow_brackets,
          minmay_temple_entry_nine_rooms
D:5:      layout_rooms, mainiacjoe_overflow_surrounded_room
D:6:      layout_basic, mainiacjoe_overflow_catwalk,
          nicolae_tso_besieged_by_evil, serial_shops, shop,
          kennysheep_nondescript, nrook_mini_vaults
D:7:      layout_gridville, overflow_temple_1_default, nemelex_dance_club_becter
D:8:      layout_basic, general_overflow_altar,
          yredelemnul_forgotten_temple_becter, kennysheep_little_box,
          worldfamousw_hep_ancestral_shrine, nicolae_shop_sticking_my_neck_out,
          uniq_prince_ribbit1
D:9:      layout_basic, dpeg_oklobed_lair, minmay_orc_entry_guard_dogs,
          uniq_pikel, uniq_psyche, uniq_harold
D:10:     layout_roguey, chequers_temple_overflow_minitemple,
          nicolae_houndstooth_variations
D:11:     layout_irregular_city, billiards_dpeg
D:12:     layout_loops_ring, kennysheep_treasure_room, uniq_fannar, uniq_jorgrun
D:13:     layout_basic
D:14:     layout_stronghold, lightli_vaults_fourway_checkpoint, enter_trove_3,
          reono_crystal_passage, nicolae_hexahallways, evilmike_butchery
D:15:     hellmonk_depths_entry_around_the_bend, layout_irregular_city,
          portal_ice_cave_entry_ice_statue_two, kennysheep_okawaru_gauntlet
Temple:   hellmonk_temple_beads
Lair:1:   layout_small_grid, uniq_jeremiah
Lair:2:   layout_chaotic_city, minmay_swamp_entry_wisps
Lair:3:   layout_loops_ring, nicolae_spider_entry_tight_spaces,
          infiniplex_staircase_pool, grunt_megastairs_3
Lair:4:   layout_hall_layers, dpeg_slime_entry_enclosed, st_stairs_5
Lair:5:   hangedman_lair_caniforms_friends, layout_small_grid, basic_altar,
          gauntlet_entry_generic, grunt_megastairs_2
Orc:1:    layout_diamond_mine, serial_shops, shop, uniq_erica, uniq_maurice,
          uniq_nergalle
Orc:2:    st_orc_rangers, layout_caves, serial_shops, shop,
          nicolae_shop_real_fake_doors, shop, shop_coins, nicolae_shop_clearance

Skill      XL: |  1  2  3  4  5  6  7  8  9 10 11 12 13 14 15 |
---------------+----------------------------------------------+-----
Stealth        | 1 2 3 4 6 8 11 13 14 17 19 21 22 23 | 23.7
Short Blades   | 5 6 7 8 10 11 | 11.1
Dodging        | 4 5 6 7 8 9 10 11 | 11.5
Fighting       | 4 6 7 8 9 |  9.1
Shields        | 2 4 5 6 8 9 |  9.0
Evocations     | 2 5 6 8 9 10 | 10.4
Armour         | 1 2 3 4 |  4.0
Invocations    | 1 |  1.7

Action                     |  1- 3 |  4- 6 |  7- 9 | 10-12 | 13-15 || total
---------------------------+-------+-------+-------+-------+-------++-------
  Melee: Short sword       |   105 |    94 |   191 |   414 |   881 ||  1685
         Punch             |     1 |       |     2 |       |       ||     3
         Dagger            |       |       |       |       |   432 ||   432
 Invoke: Shadow Step       |       |       |       |     1 |     3 ||     4
         Shadow Form       |       |       |       |       |     1 ||     1
  Evoke: Wand              |       |       |       |     6 |     5 ||    11
    Use: Scroll            |     7 |     7 |     4 |    12 |     6 ||    36
         Potion            |       |       |     3 |     1 |     5 ||     9
   Stab: Sleeping          |     9 |    19 |    28 |    56 |    66 ||   178
         Distracted        |       |     1 |     2 |     5 |    15 ||    23
         Invisible         |       |       |       |       |     5 ||     5
 Armour: Robe              |    24 |    14 |    44 |    30 |       ||   112
         Troll leather arm |       |       |       |    65 |   409 ||   474
         Scale mail        |       |       |       |       |    13 ||    13
  Dodge: Dodged            |    70 |    46 |   127 |   252 |  1295 ||  1790
  Block: Buckler           |       |       |    29 |   102 |   462 ||   593

Table legend: (Time is in decaauts)
 A = Elapsed time spent in this place.
 B = Non-inter-level travel time spent in this place.
 C = Inter-level travel time spent in this place.
 D = Time resting spent in this place.
 E = Time spent auto-exploring this place.
 F = Levels seen in this place.
 G = Mean time per level.
                   A        B        C        D        E       F      G
               +--------+--------+--------+--------+--------+-----+--------+
         Total |  24161 |  21615 |   2546 |   1507 |  14713 |  23 | 1050.5 |
       Dungeon |  15992 |  14164 |   1828 |    999 |  10165 |  15 | 1066.1 |
        Temple |     28 |     23 |      5 |      0 |      0 |   1 |   28.0 |
          Lair |   6169 |   5630 |    539 |    331 |   3519 |   5 | 1233.8 |
  Orcish Mines |   1971 |   1797 |    174 |    176 |   1027 |   2 |  985.5 |
               +--------+--------+--------+--------+--------+-----+--------+

Top non-repeatable levels by time:
     D:9: 1784 daAuts
  Lair:5: 1693 daAuts
     D:4: 1514 daAuts
     D:8: 1358 daAuts
    D:12: 1295 daAuts
   Orc:2: 1265 daAuts
    D:10: 1237 daAuts
  Lair:3: 1185 daAuts
    D:11: 1170 daAuts
     D:2: 1146 daAuts
     D:7: 1137 daAuts
  Lair:4: 1130 daAuts
  Lair:1: 1111 daAuts
  Lair:2: 1048 daAuts
    D:14: 1013 daAuts
